Unix NetHack Version 3.7.0-65 Work-in-progress - last build Oct 10 2022 05:34:18 (2afc5cfc90f7ecdc2856d9919a2295b875398e55,branch:master). Game began 2022-10-17 14:05:45, ended 2022-10-17 19:47:04. torpedovariant, lawful female dwarven Valkyrie ------------ ..%........... -...----.----... ....- .... --....| ------...- .... --...------ ----- |......... .... |......... ----- ...| |..%----- .... -------... |... ---------..-- ----.-- .... --!--- --..--------- |....a.a|...-- --...... -----)----- .%...-- --...|.......| |.....aa|....---....... ---.........--- ......---....|.......| |..@@..A-....D-.a..A%.. @@ |.............| )......%...%)..._...| |...@@@.|....---. |. ----.---- .| ....---..%.|.......| |.......|...-- | |.......| | ..- --.).|.......| ---------..-- |.......| --..--------- 5 ...| |..._...| |... ----- |.......| ----- |.......| --------- Torpedovariant the Warrior St:25 Dx:18 Co:20 In:16 Wi:16 Ch:10 Lawful Astral Plane $:0 HP:384(384) Pw:18(18) AC:-39 Exp:16 T:35179 Latest messages: Derek the Rover drinks a potion of invisibility! Derek the Rover's body takes on a strange transparency. The Angel of Odin zaps you with a magic missile! The magic missile whizzes by you! The magic missile misses it. The magic missile hits it. The high priestess intones: "Pilgrim, you enter a sacred place!" Derek the invisible Rover throws 3 spears! The spear slips as Derek the invisible Rover throws it! The 2nd spear hits the priestess of Odin! The 3rd spear hits the priestess of Odin! The Angel of Odin wields a long sword! The priestess of Odin wields a mace! The mace welds itself to the priestess of Odin's hand! The priest of Tyr wields a mace! The priestess of Loki drinks a potion of gain level! The priestess of Loki seems more experienced. The high priestess drinks a potion of invisibility! The high priestess' body takes on a strange transparency. You hit the Angel of Odin! You hit the Angel of Odin! Derek the invisible Rover picks up a greased spear. The priestess of Odin picks up 2 greased spears. The priestess of Loki wields a mace! The mace welds itself to the priestess of Loki's hand! You swap places with the priest of Tyr. You hit the priestess of Odin! You hit the priestess of Odin! The black dragon breathes a disintegration blast! The priest of Tyr's small shield is disintegrated! The blast of disintegration whizzes by you! The priestess of Odin's small shield is disintegrated! The priestess of Odin turns to flee. Derek the invisible Rover wields a greased spear! The spear welds itself to Derek the invisible Rover's hand! The priestess of Loki turns to flee. The priestess of Odin casts a spell! The priestess of Odin looks better. "Twixt thy cousin and thee, Medusa is the prettier." The priestess of Loki casts a spell! The priestess of Loki summons insects around a spot near you! There is a high altar to Tyr (lawful) here. What do you want to sacrifice? [m or ?*] You offer the Amulet of Yendor to Tyr... An invisible choir sings, and you are bathed in radiance... The voice of Tyr booms: "Mortal, thou hast done well!" "In return for thy service, I grant thee the gift of Immortality!" You ascend to the status of Demigoddess... Do you want your possessions identified? [ynq] (y) Inventory: Amulets H - a blessed amulet of reflection (being worn) Weapons a - the blessed rustproof +6 Excalibur (wielded in right hand) w - an uncursed +6 silver saber (wielded in left hand) Armor A - a blessed +5 T-shirt with text "I survived Yendor Military Boot Camp" named "I survived Yendor Military Boot Camp" (being worn) B - an uncursed greased +5 gray dragon scale mail (being worn) C - a blessed greased fireproof +4 cloak of protection (being worn) D - a blessed greased fireproof +4 pair of speed boots (being worn) E - an uncursed rustproof +5 pair of gauntlets of power (being worn) F - a blessed rusty corroded +2 dwarvish iron helm (being worn) Comestibles L - an uncursed lizard corpse named KFC Scrolls d - a cursed scroll of earth f - an uncursed scroll of teleportation Rings G - a blessed greased ring of conflict (on right hand) T - a blessed ring of free action (on left hand) Wands c - an uncursed wand of death (2:7) p - an uncursed wand of digging (0:5) y - an uncursed wand of death (0:4) z - an uncursed wand of digging (0:4) W - an uncursed wand of teleportation (0:1) X - an uncursed wand of teleportation (2:4) Y - an uncursed wand of teleportation (0:5) Z - an uncursed wand of teleportation (0:5) Tools b - a blessed bag of holding containing 82 items e - a blessed stethoscope k - a cursed skeleton key s - an uncursed sack named cancellation containing 3 items t - a blessed blindfold u - a blessed +0 unicorn horn named mmf L; x - the blessed Orb of Fate (0:4) Contents of the bag of holding: an uncursed amulet of life saving a cursed amulet of life saving an uncursed +0 bullwhip an uncursed fireproof +0 pair of water walking boots an uncursed +0 mummy wrapping 5 uncursed food rations a cursed lizard corpse named MCD an uncursed scroll of light a blessed scroll of scare monster 12 blessed scrolls of blank paper 2 uncursed scrolls of create monster an uncursed scroll of create monster an uncursed scroll of earth an uncursed scroll of enchant armor 2 uncursed scrolls of fire a blessed scroll of genocide named ; an uncursed scroll of genocide an uncursed scroll of gold detection 6 blessed scrolls of identify 4 uncursed scrolls of identify 2 cursed scrolls of identify an uncursed scroll of identify 4 blessed scrolls of remove curse 3 uncursed scrolls of remove curse a cursed scroll of remove curse a blessed scroll of taming 3 uncursed scrolls of teleportation 15 potions of holy water 3 potions of unholy water 2 blessed diluted potions of extra healing an uncursed diluted potion of extra healing 4 blessed diluted potions of full healing 4 blessed potions of levitation 6 uncursed potions of paralysis a cursed potion of speed an uncursed ring of conflict an uncursed ring of conflict an uncursed ring of conflict a blessed ring of fire resistance an uncursed ring of free action a cursed -2 ring of increase accuracy a blessed ring of levitation an uncursed ring of regeneration an uncursed ring of searching an uncursed ring of see invisible a blessed ring of shock resistance an uncursed ring of shock resistance an uncursed ring of shock resistance a blessed ring of teleport control an uncursed ring of teleport control an uncursed ring of teleport control an uncursed ring of teleport control an uncursed wand of slow monster (0:4) an uncursed wand of slow monster (0:6) an uncursed wand of cold (0:6) an uncursed wand of cold (0:8) an uncursed wand of cold (0:2) an uncursed wand of cold (0:7) an uncursed wand of death (0:0) an uncursed wand of digging (0:5) an uncursed wand of digging (0:3) an uncursed wand of digging (0:4) an uncursed wand of digging (0:4) a blessed wand of fire (0:3) a blessed wand of fire (0:6) an uncursed wand of fire (1:4) an uncursed wand of lightning (0:3) an uncursed wand of lightning (0:6) an uncursed wand of lightning (0:6) an uncursed wand of polymorph (0:6) an uncursed wand of sleep (0:8) an uncursed wand of sleep (0:3) an uncursed wand of speed monster (0:5) an uncursed wand of speed monster (0:4) an uncursed wand of speed monster (0:2) an uncursed wand of striking (0:3) an uncursed wand of striking (0:0) an uncursed bugle an uncursed magic marker (1:21) an uncursed +0 pick-axe an uncursed amethyst stone a blessed luckstone Contents of the sack named cancellation: an uncursed wand of cancellation (0:5) an uncursed wand of cancellation (0:7) a cursed wand of cancellation (0:2) Torpedovariant the Valkyrie's attributes: Background: You were a Warrior, a level 16 dwarven Valkyrie. You were lawful, on a mission for Tyr who was opposed by Odin (neutral) and Loki (chaotic). You were in the endgame, on the Astral Plane. You entered the dungeon 35179 turns ago. You had 443884 experience points, 196116 more were needed to attain level 17. Basics: You had all 384 hit points. You had all 18 energy points (spell power). Your armor class was -39. Your wallet was empty. Autopickup was on for '?' plus thrown, with exceptions. Final Characteristics: Your strength was 25 (base:18/41, innate limit:18/100). Your dexterity was 18 (peak:19, limit:20). Your constitution was 20 (limit:20). Your intelligence was 16 (limit:16). Your wisdom was 16 (limit:16). Your charisma was 10 (limit:16). Final Status: You were not hungry. You were unencumbered. You were wielding two weapons at once. Your skill in long sword was limited by being skilled with two weapons. Your two weapon skill was limited by being basic with saber. Final Attributes: You were the Hand of Elbereth. You were piously aligned. You were magic-protected. You were fire resistant. You were cold resistant. You were sleep resistant. You were disintegration resistant. You were shock resistant. You were poison resistant. You were level-drain resistant. You saw invisible. You were telepathic. You were warned. You had automatic searching. You had infravision. You were invisible to others. You were stealthy. You caused conflict. You had teleport control. You had a moderate defense bonus (+9). You were protected. You took half physical damage. You took half spell damage. You were very fast. You had reflection. You had free action. You were extremely lucky. You had extra luck. Good luck did not time out for you. You survived. Miscellaneous: You encountered 1 bones level. Total elapsed playing time was 4 hours, 26 minutes and 32 seconds. Major events: Turn 1: torpedovariant the lawful dwarven Valkyrie entered the dungeon 942: entered the Gnomish Mines 1074: attained the rank of Skirmisher (level 3) 3164: attained the rank of Fighter (level 6) 3164: destroyed elky's ghost, the former Skirmisher 5653: reached Mine Town 7917: received Excalibur from a strange woman laying about in a pond 8380: entered Sokoban 9405: completed 1st Sokoban level 9901: completed 2nd Sokoban level 10237: completed 3rd Sokoban level 11015: completed 4th Sokoban level 11117: acquired the Sokoban amulet of reflection 11131: attained the rank of Woman-at-arms (level 10) 13498: acquired the Mines' End luckstone 14647: was bestowed with Mjollnir by Tyr 21094: was bestowed with Werebane by Tyr 21516: was crowned "The Hand of Elbereth" by Tyr 22387: killed Medusa 24033: entered Gehennom 24290: attained the rank of Warrior (level 14) 25124: made her first wish - "blessed greased greased greased greased fixed +2 gray dragon scale mail", got "a greased gray dragon scale mail" 25145: wished for "blessed greased greased greased greased fixed +2 speed boots", got "a greased pair of mud boots" 25149: wished for "blessed greased greased +2 silver saber", got "a greased silver saber" 28110: found the Orb of Fate on the floor 28115: killed Lord Surtur 28129: acquired the Bell of Opening 28508: performed her first genocide (master mind flayers) 28511: genocided class L 28530: wished for "blessed greased fixed +2 cloak of protection", got "a greased piece of cloth" 29216: wished for "blessed greased fixed ring of conflict", got "a greased gold ring" 29931: bribed Asmodeus with 25 zorkmids for safe passage 30294: killed Juiblex 30793: killed the invisible Baalzebub 31358: killed Orcus 32217: destroyed the invisible Vlad the Impaler 32228: acquired the Candelabrum of Invocation 33271: killed the Wizard of Yendor 33274: killed Yeenoghu 33276: acquired the Book of the Dead 33294: performed the invocation 33379: killed the Wizard of Yendor (2nd time) 33402: killed the high priest of Moloch 33411: acquired The Amulet of Yendor 33664: killed the Wizard of Yendor (3rd time) 34813: entered the Elemental Planes 34813: entered Plane of Earth 34906: entered Plane of Air 34959: entered Plane of Fire 34989: entered Plane of Water 34992: genocided class ; 35052: entered the Astral Plane 35065: killed Pestilence 35141: killed Famine 35156: killed Famine (2nd time) 35179: ascended Vanquished creatures: Baalzebub Orcus Yeenoghu Juiblex the Wizard of Yendor (4 times) Pestilence Famine (twice) Vlad the Impaler a high cleric Medusa 13 krakens 2 storm giants 3 purple worms a gray dragon 2 gold dragons a silver dragon a white dragon 3 black dragons 2 blue dragons a green dragon 12 minotaurs a jabberwock Lord Surtur an Angel a demilich 3 stone golems 5 Olog-hai a Nazgul 2 pit fiends 2 sandestins a hell hound 3 titanotheres a trapper a baby black dragon a genetic engineer a disenchanter 20 vampire leaders 2 skeletons 10 aligned clerics a captain 6 shades 3 liches 2 water trolls a clay golem 6 nurses 2 ice devils a nalfeshnee 3 lurkers above a frost giant 2 black puddings 17 vampires 5 lieutenants 28 ghosts a queen bee 2 winged gargoyles 2 mind flayers 9 giant mimics 4 long worms 5 zruties 25 fire giants 4 ogre tyrants 3 ice trolls 5 rock trolls 5 umber hulks 4 flesh golems 5 elven monarchs 2 doppelgangers 6 hezrous 4 bone devils 13 large mimics 2 wumpuses 3 fire vortices a baby purple worm 4 stalkers 2 air elementals 4 fire elementals 6 earth elementals 4 water elementals 8 hill giants 4 giant mummies 3 xorns 14 giant zombies 2 elf-nobles 20 sergeants 6 barbed devils 2 vrocks 3 salamanders 7 wargs 3 winter wolves 4 hell hound pups 14 small mimics a glass piercer 4 warhorses 2 steam vortices 13 xans 4 ettin mummies 3 ogre leaders 3 quantum mechanics 7 trolls a wood golem an erinys 4 mariliths 8 sharks 8 electric eels 5 gelatinous cubes 4 pyrolisks 3 large dogs a freezing sphere 3 flaming spheres 5 shocking spheres 5 large cats 5 tigers 4 gargoyles 2 dwarf rulers a tengu 5 ochre jellies 6 leocrottas an energy vortex 2 mountain centaurs a stone giant 4 elf mummies 2 human mummies 4 red nagas 2 green slimes a python a pit viper 3 cobras 39 wraiths 2 carnivorous apes 15 ettin zombies a leather golem 3 Grey-elves 85 soldiers 4 amorous demons 6 horned devils 5 chameleons 2 crocodiles 10 giant beetles 3 quivering blobs 17 cockatrices 5 wolves 9 winter wolf cubs 2 lynxes 2 panthers 12 gremlins 2 spotted jellies 75 leprechauns an orc-captain 3 iron piercers a mumak 10 giant spiders 2 scorpions a horse an ice vortex 6 black lights 5 vampire bats a forest centaur 4 gnome rulers 2 orc mummies 2 dwarf mummies 6 ogres 15 brown puddings 8 rust monsters 3 owlbears 6 yetis 3 gold golems 4 werewolves 3 Green-elves 4 piranha 17 giant eels 12 lizards 2 warriors 2 chickatrices 2 dingoes 2 dogs 3 housecats 3 jaguars a dwarf leader 3 blue jellies a gray unicorn 2 black unicorns 2 dust vortices 4 ravens 3 plains centaurs 2 gnome mummies 6 snakes 6 apes 15 human zombies 4 rope golems 5 Woodland-elves 14 soldier ants 75 fire ants 15 bugbears 4 imps 8 lemures 2 quasits 5 wood nymphs a water nymph 4 mountain nymphs 14 Mordor orcs 19 Uruk-hai 2 orc shamans 10 rock piercers 2 rock moles 3 ponies 5 fog clouds 14 yellow lights a shrieker 5 violet fungi 3 gnome leaders 3 gnomish wizards 3 kobold mummies a guardian naga hatchling 7 gray oozes 2 barrow wights 19 elf zombies 9 ghouls 2 straw golems 3 paper golems 8 jellyfish 3 baby crocodiles 23 giant ants 3 little dogs 13 floating eyes a kitten 5 dwarves 6 homunculi 3 kobold leaders 2 kobold shamans 17 hill orcs 23 rothes 3 rabid rats a centipede 5 giant bats 8 monkeys 17 orc zombies 12 dwarf zombies 3 wererats 3 werejackals 8 iguanas 47 killer bees 5 acid blobs 13 coyotes 2 gas spores 3 hobbits 6 large kobolds 15 hobgoblins 5 giant rats 3 cave spiders 3 brown molds 5 yellow molds 3 green molds 2 red molds 16 gnomes 5 gnome zombies 9 geckos 10 jackals 2 foxes 9 goblins 5 sewer rats 9 grid bugs 8 bats 5 lichens 14 kobold zombies 12 newts 1659 creatures vanquished. Genocided species: master mind flayers liches demiliches master liches arch-liches jellyfish piranha sharks giant eels electric eels krakens 11 species genocided. Voluntary challenges: You read items or engraved 101 times. You never engraved Elbereth. You genocided 11 types of monsters. You never changed form. You used 5 wishes. You did not wish for any artifacts. You did not violate any of the special Sokoban rules. Achievements: You entered a shop. You entered the Gnomish Mines. You attained the rank of Skirmisher. You attained the rank of Fighter. You entered Minetown. You entered a temple. You entered Sokoban. You completed Sokoban. You attained the rank of Woman-at-arms. You completed the Gnomish Mines. You defeated Medusa. You learned the tune to open and close the Castle's drawbridge. You entered Gehennom. You attained the rank of Warrior. You handled the Bell of Opening. You handled the Candelabrum of Invocation. You handled the Book of the Dead. You gained access to Moloch's Sanctum. You reached the Elemental Planes. You reached the Astral Plane. You delivered the Amulet of Yendor. You ascended! The Elemental Planes: Astral Plane: <- You are here. Many temples. Plane of Water: Plane of Fire: Plane of Air: Plane of Earth: The Dungeons of Doom: levels 1 to 27 Level 1: One way stairs up to The Elemental Planes. Level 2: "shopkeeper $128" A general store, an altar to Tyr, a grave. Level 3: "stash chest" Stairs down to The Gnomish Mines. Level 4: A grave. Level 5: A grave. Level 6: A shop, an altar to Tyr. Level 7: Many fountains. Oracle of Delphi. Level 8: Stairs up to Sokoban, level 7. Level 9: A fountain. Level 10: Level 11: Level 12: A fountain, a grave. Level 13: A temple. Portal to The Quest. Level 14: A fountain. Level 15: Level 16: "ant nest" Level 17: "mojo stash _" A temple to Tyr. Level 18: A primitive area. Level 19: An altar to Tyr, a grave. Level 20: "$5858 floor _" A temple. Level 21: An altar to Tyr. Level 22: Level 23: Level 24: Level 25: Level 26: Level 27: A fountain. The castle (play notes "CCBAA" to open or close drawbridge). Connection to Gehennom. Gehennom: levels 28 to 49 Level 28: "gem stash" A temple, many graves. Valley of the Dead. Level 29: Level 30: Level 31: "backup holding 0" Level 32: Level 33: A fountain. Level 34: Level 35: Level 36: Stairs up to Vlad's Tower, level 35. Level 37: Some shops, an altar, many graves. Level 38: Level 39: Level 40: Level 41: Level 42: Level 43: Level 44: Level 45: Level 46: Level 47: Level 48: Level 49: A temple, many graves. Moloch's Sanctum. The Gnomish Mines: levels 4 to 11 Level 4: "$ >" Level 5: A grave. Final resting place for elky-Val-Dwa-Fem-Law, poisoned by an orcish arrow. Level 6: Level 7: Many shops, a temple, some fountains. Level 8: Level 9: Level 10: "poly trap" Level 11: The Quest: levels 1 to 5 Level 1: A fountain. Completed quest for the Norn. Level 2: Level 3: Level 4: Level 5: Sokoban: levels 7 up to 4 Level 4: Solved. Level 5: Solved. Level 6: Solved. Level 7: Solved. Vlad's Tower: levels 35 up to 33 Level 33: Level 34: Level 35: Farvel torpedovariant the Demigoddess... You went to your reward with 1701016 points, Excalibur (worth 4000 zorkmids and 10000 points) The Orb of Fate (worth 3500 zorkmids and 8750 points) and 0 pieces of gold, after 35179 moves. You were level 16 with a maximum of 384 hit points when you ascended.